Unix NetHack Version 5.0.0-0 post-release - last build Jun 10 2026 00:39:30 (3ee93aec679c4c4259841fe613dc97188e26a321,branch:main).

Game began 2026-06-24 18:50:18, ended 2026-06-24 21:56:45.

GdeVolpiano, neutral female human Tourist

                                                               -------------
                                                               |.%.........|
                                                           ###@...<........|
                                                           ##a#-------------
                                                           [#
                                                         %###
                                                          %
                                                          ##

GdeVolpiano the Excursionist  St:15 Dx:14 Co:18 In:11 Wi:8 Ch:15  Neutral
Dlvl:6  $:2720 HP:0(52) Pw:28(28) AC:2  Xp:7 T:5439 

Latest messages:
 The dog misses!
 Winston misses the killer bee.
 You kill the killer bee!
 The dog bites!
 Winston misses the killer bee.
 The dog bites!
 You kill the killer bee!
 Winston misses the dog.
 The dog misses!
 The dog misses!
 You hit the dog!
 Winston misses the dog.
 The dog misses!
 Winston bites the dog.
 The dog is killed!
 You see here a killer bee corpse.
 Winston eats a dog corpse.
 You hit the hill orc.
 You miss the hill orc.
 The hill orc just misses!
 You hit the hill orc!
 The hill orc hits!
 You miss the hill orc.
 You miss the hill orc.
 The hill orc misses!
 You hit the hill orc!
 The hill orc hits!
 You hit the hill orc.
 The hill orc misses!
 You kill the hill orc!
 Winston eats a hill orc corpse.
 You stop.  Winston is in the way!
 You swap places with Winston.
 $ - 10 gold pieces (2720 in total).
 The killer bee stings!
 You hit the killer bee.
 The killer bee stings!
 The killer bee misses!
 You kill the killer bee!
 You hit the killer bee.
 The killer bee stings!
 The killer bee misses!
 You swap places with Winston.
 The killer bee stings!
 The killer bee stings!
 The killer bee stings!
 The killer bee's sting was poisoned!
 You die...
 Do you want your possessions identified? [ynq] (y)
 Do you want to see your attributes? [ynq] (y)

Inventory:
 Coins    ('$')
  $ - 2720 gold pieces
 Weapons  (')')
  a - 2 +2 darts (at the ready)
  V - a +0 dwarvish short sword (weapon in right hand)
 Armor    ('[')
  W - an uncursed +0 dwarvish iron helm (being worn)
  D - an uncursed +0 pair of iron shoes (being worn)
  X - an uncursed +0 dwarvish roundshield (being worn)
  m - an uncursed +0 robe (being worn)
 Comestibles  ('%')
  e - an uncursed fig
  c - 6 uncursed food rations
  q - 2 uncursed lembas wafers
 Scrolls  ('?')
  v - a cursed scroll of amnesia
 Potions  ('!')
  H - 2 uncursed potions of healing
  x - a cursed potion of monster detection
  u - an uncursed potion of object detection
 Rings    ('=')
  i - an uncursed ring of cold resistance (on right hand)
  s - an uncursed ring of sustain ability
 Wands    ('/')
  t - a wand of digging (0:4)
 Tools    ('(')
  R - an uncursed sack containing 1 item
  L - an uncursed blindfold
  w - an uncursed magic whistle
  l - an uncursed mirror
  N - a +0 pick-axe (alternate weapon; not wielded)
  k - an uncursed skeleton key

Contents of the sack:
  111 gold pieces

GdeVolpiano the Tourist's attributes:

Background:
 You were an Excursionist, a level 7 female human Tourist.
 You were neutral, on a mission for The Lady
 who was opposed by Blind Io (lawful) and Offler (chaotic).
 You were right-handed.
 You were in the Dungeons of Doom, on level 6.
 You entered the dungeon 5439 turns ago.
 You had 1014 experience points, 266 more were needed to attain level 8.

Basics:
 You had 0 out of 52 hit points.
 You had all 28 energy points (spell power).
 Your armor class was 2.
 Your wallet contained 2720 zorkmids, and
 you had 111 more stashed away in your pack.
 Autopickup was on for '$?!/="+' plus thrown, with exceptions.

Final Characteristics:
 Your strength was 15 (limit:18/100).
 Your dexterity was 14 (limit:18).
 Your constitution was 18 (limit:18).
 Your intelligence was 11 (limit:18).
 Your wisdom was 8 (limit:18).
 Your charisma was 15 (limit:18).

Final Status:
 You weren't hungry.
 You were unencumbered.
 You were wielding a short sword.
 You were skilled in short sword.

Final Attributes:
 You were piously aligned.
 You were cold resistant.
 Your items were protected from cold.
 You were telepathic.
 You were guarded.
 You are dead.

Miscellaneous:
 You didn't encounter any bones levels.
 Total elapsed playing time was 49 minutes and 51 seconds.

Major events:
 Turn
    1: GdeVolpiano the neutral female human Tourist entered the dungeon
  394: entered the Gnomish Mines
  911: attained the rank of Sightseer (level 3)
 1902: attained the rank of Excursionist (level 6)
 2071: reached Mine Town
 5439: killed by a killer bee

You didn't know any spells.

Skills:
 Fighting Skills
   bare handed combat [Unskilled]
   two weapon combat  [Unskilled]
   riding             [Unskilled]
 Weapon Skills
   dagger             [Unskilled]
   knife              [Unskilled]
   axe                [Unskilled]
   pick-axe           [Unskilled]
   short sword        [Skilled]
   broadsword         [Unskilled]
   long sword         [Unskilled]
   two-handed sword   [Unskilled]
   saber              [Unskilled]
   mace               [Unskilled]
   morning star       [Unskilled]
   flail              [Unskilled]
   hammer             [Unskilled]
   quarterstaff       [Unskilled]
   polearms           [Unskilled]
   spear              [Unskilled]
   trident            [Unskilled]
   lance              [Unskilled]
   bow                [Unskilled]
   sling              [Unskilled]
   crossbow           [Unskilled]
   dart               [Skilled]
   shuriken           [Unskilled]
   boomerang          [Unskilled]
   whip               [Unskilled]
   unicorn horn       [Unskilled]
 Spellcasting Skills
   divination spells  [Unskilled]
   enchantment spells [Unskilled]
   escape spells      [Unskilled]

Voluntary challenges:
 Character rerolling was not enabled.
 You never genocided any monsters.
 You never polymorphed an object.
 You never changed form.
 You used no wishes.
Achievements:
 You entered the Gnomish Mines.
 You entered a shop.
 You attained the rank of Sightseer.
 You attained the rank of Excursionist.
 You entered Minetown.
 You entered a temple.

 The Dungeons of Doom: levels 1 to 6
    Level 1:
       An altar.
    Level 2:
       A tool shop, a fountain.
       Stairs down to The Gnomish Mines.
    Level 3:
       A fountain.
    Level 4:
       A potion shop, an altar to The Lady.
    Level 5:
    Level 6: <- You were here.
       Final resting place for
          you, killed by a killer bee.
 The Gnomish Mines: levels 3 to 6
    Level 3:
    Level 4:
    Level 5:
       Many shops, a temple and an altar, some fountains.
    Level 6:


Vanquished creatures:
  a giant beetle
  a leprechaun
  a dog
  a housecat
  a dwarf leader
  a blue jelly
  a gnome mummy
  a wood nymph
  a mountain nymph
 an orc shaman
  a rock piercer
  a pony
  5 gnome leaders
  2 gnomish wizards
  3 gray oozes
 an elf zombie
  a ghoul
  3 giant ants
  a little dog
  a floating eye
  6 dwarves
  a hill orc
  6 rothes
  a centipede
  4 orc zombies
  2 dwarf zombies
  4 iguanas
  4 killer bees
 an acid blob
  3 coyotes
  7 hobbits
  a large kobold
  2 hobgoblins
  2 giant rats
  a yellow mold
  a green mold
  2 red molds
 24 gnomes
  4 geckos
  5 jackals
  a fox
  2 kobolds
  a goblin
  a sewer rat
  5 grid bugs
  2 bats
  2 lichens
  2 kobold zombies
  5 newts
131 creatures vanquished.

No species were genocided or became extinct.

Game over:
                       ----------
                      /          \
                     /    REST    \
                    /      IN      \
                   /     PEACE      \
                  /                  \
                  |   GdeVolpiano    |
                  |     2831 Au      |
                  |   killed by a    |
                  |    killer bee    |
                  |                  |
                  |                  |
                  |       2026       |
                 *|     *  *  *      | *
        _________)/\\_//(\/(/\)/\//\/|_)_______

Aloha GdeVolpiano the Tourist...

You died in The Dungeons of Doom on dungeon level 6 with 6662 points,
and 2831 pieces of gold, after 5439 moves.
You were level 7 with a maximum of 52 hit points when you died.

